 Dungeon Crawl Stone Soup version 0.24.0-13-gcf9b319 (webtiles) character file.

Game seed: 152975957656007423, levelgen mode: deterministic

16216 Bob6969 the Basher (level 12, -4/115 HPs)
             Began as a Troll Berserker on Mar 19, 2020.
             Was a High Priest of Trog.
             Slain by a spiny frog (12 damage)
             ... on level 2 of the Lair of Beasts.
             The game lasted 01:06:55 (9151 turns).

Bob6969 the Basher (Troll Berserker)                Turns: 9151, Time: 01:06:55

Health: -4/115     AC: 18    Str: 41    XL:     12   Next: 8%
Magic:  11/11      EV: 13    Int:  2    God:    Trog [*****.]
Gold:   357        SH:  0    Dex:  9    Spells: 11/11 levels left

rFire    + . .     SeeInvis .   B - +9 mace "Manimeas" {protect, rElec Str+4 Int-2 Stlth+}
rCold    . . .     Gourm    +   (no shield)
rNeg     . . .     Faith    +   a - +2 animal skin
rPois    .         Spirit   .   (helmet restricted)
rElec    +         Reflect  .   l - +2 cloak
rCorr    .         Harm     .   (gloves unavailable)
MR       ++...     Rnd*Rage +   (boots unavailable)
Stlth    ++++......             G - amulet of faith
HPRegen  1.69/turn              j - +6 ring of strength
MPRegen  0.12/turn              D - ring of stealth

@: protection aura, berserk cooldown, regenerating
A: large, unfitting armour, claws 3, talons 1, berserk 1, fire resistance 1,
fast metabolism 3, gourmand, regeneration 1, shaggy fur 1, tough skin 3, wild
magic 1
a: Berserk, Trog's Hand, Brothers in Arms, Renounce Religion


You were on level 2 of the Lair of Beasts.
You worshipped Trog.
Trog was extremely pleased with you.
You were very full.

You visited 2 branches of the dungeon, and saw 11 of its levels.
You also visited: Gauntlet.

You collected 651 gold pieces.
You spent 294 gold pieces at shops.

Inventory:

Hand Weapons
 f - a +0 spear
 y - a +5 quarterstaff of chaos
 B - the +9 mace "Manimeas" (weapon) {protect, rElec Str+4 Int-2 Stlth+}
   (You found it on level 4 of the Dungeon)

   It grants its wielder temporary protection when it strikes (+7 to AC).
   It affects your strength (+4).
   It affects your intelligence (-2).
   It insulates you from electricity.
   It makes you more stealthy.
 M - a +1 antimagic quarterstaff
 O - a +0 scythe of venom
 U - the +1 hand crossbow "Aluoc" {penet, rPois Str+4 Dex+3}
   (You found it on level 1 of the Lair of Beasts)

   Ammo fired by it will pass through the targets it hits, potentially hitting
   all targets in its path until it reaches maximum range.
   It affects your strength (+4).
   It affects your dexterity (+3).
   It protects you from poison.
Missiles
 c - 223 stones
 d - 4 silver boomerangs (quivered)
 m - 39 poisoned darts
 n - 166 arrows
 u - 92 bolts
 C - 16 boomerangs
 E - 4 atropa-tipped darts
 F - 4 large rocks
 R - 20 javelins
Armour
 a - a +2 animal skin (worn)
 l - a +2 cloak (worn)
 T - a +0 plate armour of poison resistance
Magical Staves
 S - an uncursed staff of power
Jewellery
 j - a +6 ring of strength (left claw)
 q - an uncursed ring of magical power
 t - an uncursed ring of magical power
 A - an uncursed amulet of magic regeneration
 D - a ring of stealth (right claw)
 G - an amulet of faith (around neck)
 I - an uncursed ring of stealth
 L - a cursed ring of attention {unknown}
 Y - an uncursed ring of see invisible {unknown}
Wands
 o - a wand of iceblast (6)
 w - a wand of scattershot (4)
 H - a wand of paralysis (17)
Scrolls
 e - 9 scrolls of remove curse
 k - a scroll of fog
 r - 2 scrolls of fear
 v - 2 scrolls of enchant weapon
 x - 2 scrolls of teleportation
 J - a scroll of summoning {unknown}
 N - 3 scrolls of enchant armour
 P - a scroll of silence {unknown}
 Q - a scroll of magic mapping
 W - a scroll of identify
 X - a scroll of vulnerability {unknown}
Potions
 g - a potion of curing
 h - a potion of might
 i - 2 potions of flight
 p - 2 potions of mutation
 s - 2 potions of degeneration
 z - 2 potions of resistance
 K - 2 potions of haste
Comestibles
 b - 23 rations


   Skills:
 + Level 6.9 Fighting
 + Level 10.7 Maces & Flails
 + Level 0.3 Polearms
 + Level 2.7 Throwing
 + Level 8.0 Dodging
 + Level 4.7 Stealth
 + Level 7.7 Unarmed Combat
 + Level 0.1 Evocations


You had 11 spell levels left.
You didn't know any spells.
Your spell library contained the following spells:

 Spells                   Type           Power        Failure   Level  Hunger
 Beastly Appendage        Tmut           #.....       63%         1    ##.....
 Blink                    Tloc           N/A          77%         2    ###....
 Shroud of Golubria       Chrm/Tloc      #.....       77%         2    ###....
 Sticks to Snakes         Tmut           #.......     77%         2    ###....
 Gell's Gravitas          Tloc           #.........   93%         3    ####...
 Lesser Beckoning         Tloc           #.........   93%         3    ####...
 Spider Form              Tmut/Pois      #.........   93%         3    ####...
 Teleport Other           Tloc           #.......     93%         3    ####...
 Ice Form                 Ice/Tmut       #.......     100%        4    #####..
 Passage of Golubria      Tloc           N/A          100%        4    #####..
 Blade Hands              Tmut           #.........   100%        5    ######.


Dungeon Overview and Level Annotations

Branches:
Dungeon (11/15)            Temple (0/1) D:4            Lair (2/6) D:11
    Orc (0/2) D:11        Gauntlet (visited)
  Swamp: Lair:2-4    Shoals: Lair:2-4     Snake: Lair:2-4    Spider: Lair:2-4

Altars:
Qazlal
Uskayaw
Vehumet
Zin

Shops:
D:8 [%*=

Annotations:
D:3 3 runed translucent doors, Zeor's ghost, amateur DECj


Innate Abilities, Weirdness & Mutations

You are too large for most types of armour.
You have claws for hands.
Your metabolism is lightning-fast.
You like to eat raw meat.
Your natural rate of healing is unusually fast.
You are covered in fur. (AC +1)
You have extremely tough skin. (AC +3)
You have sharp toenails.
You tend to lose your temper in combat.
Your flesh is heat resistant. (rF+)
Your spells are a little harder to cast, but a little more powerful.


Message History

* * * LOW HITPOINT WARNING * * *
You feel better. The spiny frog stings you.
* * * LOW HITPOINT WARNING * * *
You hit the spiny frog.
Your weapon exudes an aura of protection.
You claw the spiny frog, but do no damage.
The spiny frog is moderately wounded.
The spiny frog barely misses you.
The spiny frog stings you but does no damage.
You sock the spiny frog! Your kick misses the spiny frog.
Your claw misses the spiny frog.
The spiny frog is heavily wounded.
The spiny frog stings you!
* * * LOW HITPOINT WARNING * * *
The spiny frog misses you.
You sock the spiny frog! Your kick misses the spiny frog.
The spiny frog is almost dead.
You feel yourself speed up. The spiny frog stings you!
You die...

.........P.#####....#.........
..........## ##...รท.).|...#.
##..##...## #.(.#.......#.
##..# #...P......... ##.##
#....<......#. #...#
#...........+. ##.P.#
#.............
.####...######P............#.
...........F@.<......#...#.#.
.............................
#.#P#....###..###..###.#..#..
# #######. #### #### ##.#####
## ##


You could see a spiny frog.

Vanquished Creatures
  A minotaur (Gauntlet)
  Snorg (D:11)
  4 two-headed ogres
  A fire crab (Gauntlet)
  2 oklob plants (Lair:1)
  2 spiny frogs (Lair:2)
  A centaur skeleton (D:11)
  2 komodo dragons
  A rime drake (Lair:1)
  A queen bee (Gauntlet)
  A troll (D:11)
  5 hippogriffs
  4 shadows (Gauntlet)
  A wraith (D:11)
  4 fire bats (Gauntlet)
  9 yaks
  The ghost of kale the Poker, an amateur MfSk of Hepliaklqana (D:4)
  2 water moccasins (Lair:1)
  2 porcupines
  4 phantoms
  A sky beast (D:7)
  An ice beast (D:7)
  4 orc warriors
  A necrophage (D:7)
  5 wolves (Lair:1)
  2 ogres (D:7)
  3 centaurs
  A crocodile (Lair:1)
  A big kobold (D:7)
  7 bullfrogs
  A gnoll sergeant (D:8)
  A scorpion (D:8)
  3 killer bees (Gauntlet)
  A howler monkey (D:11)
  4 crimson imps
  A quasit (D:11)
  2 bullfrog zombies
  2 centaur zombies
  3 hounds
  6 orc priests
  Crazy Yiuf (D:4)
  A gnoll shaman (D:7)
  5 orc wizards
  Ijyb (D:3)
  3 worker ants
  A hound zombie (D:7)
  11 adders
  9 gnolls
  2 shadow imps
  2 worms (D:3)
  2 dart slugs
  6 leopard geckos
  23 orcs
  8 bats
  3 giant cockroaches
  4 goblins
  7 hobgoblins (D:1)
  11 jackals
  A quokka (D:2)
  20 kobolds
  11 rats
  2 bushes (D:2)
  A fungus (Lair:1)
  6 plants
240 creatures vanquished.

Vanquished Creatures (collateral kills)
  Erolcha (D:11)
  2 big kobolds
  An orc priest (D:11)
  A worker ant zombie (D:11)
  2 orcs (D:11)
  6 kobolds
13 creatures vanquished.

Vanquished Creatures (others)
  An orc (D:11)
  A bat (D:3)
  A withered plant (Gauntlet)
3 creatures vanquished.

Grand Total: 256 creatures vanquished

Notes
Turn   | Place    | Note
-------+----------+-------------------------------------------
     0 | D:1      | Bob6969 the Troll Berserker began the quest for the Orb.
     0 | D:1      | Reached XP level 1. HP: 22/22 MP: 0/0
    52 | D:1      | Reached XP level 2. HP: 18/29 MP: 1/1
   490 | D:1      | Reached XP level 3. HP: 36/36 MP: 2/2
   768 | D:2      | Reached ** piety under Trog
   795 | D:2      | Found a faded altar of an unknown god.
  1127 | D:2      | Reached XP level 4. HP: 45/45 MP: 3/3
  1559 | D:3      | Found a runed translucent gate.
  1559 | D:3      | Found a runed translucent gate.
  1559 | D:3      | Found a runed translucent gate.
  1562 | D:3      | Identified the cursed +2 dagger "Grim" {chaos, rF+}
  1563 | D:3      | Noticed Zeor's ghost (amateur DECj)
  1706 | D:3      | Noticed Ijyb
  1716 | D:3      | Killed Ijyb
  1716 | D:3      | Reached XP level 5. HP: 53/53 MP: 4/4
  2103 | D:3      | Reached *** piety under Trog
  2668 | D:4      | Noticed a phantom
  2670 | D:4      | Noticed a phantom
  2685 | D:4      | Killed a phantom
  2685 | D:4      | Reached skill level 5 in Unarmed Combat
  2685 | D:4      | Reached XP level 6. HP: 54/61 MP: 5/5
  2719 | D:4      | Found a runed translucent door.
  2720 | D:4      | Noticed Crazy Yiuf
  2727 | D:4      | Killed Crazy Yiuf
  2742 | D:4      | Got an ancient mace
  2744 | D:4      | Identified the +9 mace "Manimeas" {protect, rElec Str+4
                  | Int-2 Stlth+} (You found it on level 4 of the Dungeon)
  2936 | D:4      | Found a glowing silver altar of Zin.
  2939 | D:4      | Found a hide-covered altar of Uskayaw.
  2942 | D:4      | Found a stormy altar of Qazlal.
  3074 | D:4      | Found a staircase to the Ecumenical Temple.
  3142 | D:4      | Found a runed translucent door.
  3142 | D:4      | Noticed kale's ghost (amateur MfSk)
  3157 | D:4      | Killed kale's ghost
  3157 | D:4      | Reached XP level 7. HP: 67/67 MP: 6/6
  3169 | D:4      | Gained mutation: You are frail. (-10% HP) [potion of
                  | mutation]
  3169 | D:4      | Gained mutation: Your flesh is cold resistant. (rC+)
                  | [potion of mutation]
  3174 | D:4      | Lost mutation: You are frail. (-10% HP) [potion of
                  | mutation]
  3174 | D:4      | Lost mutation: Your flesh is cold resistant. (rC+) [potion
                  | of mutation]
  3174 | D:4      | Gained mutation: You tend to lose your temper in combat.
                  | [potion of mutation]
  3174 | D:4      | Gained mutation: Your spells are a little harder to cast,
                  | but a little more powerful. [potion of mutation]
  3174 | D:4      | Gained mutation: You have sharp toenails. [potion of
                  | mutation]
  3174 | D:4      | Gained mutation: Your flesh is heat resistant. (rF+)
                  | [potion of mutation]
  3223 | D:4      | Lost intelligence.
  3492 | D:4      | You fall into a shaft and drop 3 floors!
  3493 | D:7      | Noticed a hippogriff
  3495 | D:7      | Killed a hippogriff
  3495 | D:7      | Reached skill level 1 in Throwing
  3495 | D:7      | Reached skill level 1 in Stealth
  3566 | D:7      | Noticed a hippogriff
  3586 | D:7      | Killed a hippogriff
  3586 | D:7      | Reached skill level 1 in Maces & Flails
  3586 | D:7      | Reached XP level 8. HP: 75/75 MP: 7/7
  3701 | D:7      | Reached skill level 2 in Maces & Flails
  3794 | D:7      | Reached skill level 3 in Maces & Flails
  3871 | D:7      | Reached skill level 5 in Dodging
  4022 | D:7      | Reached **** piety under Trog
  4065 | D:7      | Reached skill level 4 in Maces & Flails
  4122 | D:7      | Reached XP level 9. HP: 70/84 MP: 8/8
  4395 | D:8      | Found Ycocyjuf's Antique Armour Emporium.
  4440 | D:8      | Noticed a two-headed ogre
  4453 | D:8      | Killed a two-headed ogre
  4453 | D:8      | Reached skill level 5 in Maces & Flails
  4480 | D:8      | Found Xemauts's Jewellery Emporium.
  4489 | D:8      | Found Xeiheloot's General Store.
  4555 | D:8      | Found Reshis's Food Emporium.
  4723 | D:8      | Noticed a two-headed ogre
  4733 | D:8      | Killed a two-headed ogre
  4733 | D:8      | Reached skill level 6 in Maces & Flails
  4963 | D:8      | Bought a transparent cloak for 294 gold pieces
  4963 | D:8      | Identified the cursed +0 cloak of the Untouchables {rElec
                  | rC+ SInv} (You bought it in a shop on level 8 of the
                  | Dungeon)
  5019 | D:9      | Noticed a two-headed ogre
  5027 | D:9      | Killed a two-headed ogre
  5027 | D:9      | Reached XP level 10. HP: 82/94 MP: 9/9
  5268 | D:9      | Found a radiant altar of Vehumet.
  5324 | D:9      | Reached skill level 7 in Maces & Flails
  5802 | D:10     | Entered Level 10 of the Dungeon
  5878 | D:10     | Noticed a two-headed ogre
  5888 | D:10     | Killed a two-headed ogre
  5888 | D:10     | Reached skill level 5 in Fighting
  6694 | D:11     | Found a staircase to the Orcish Mines.
  6697 | D:11     | Noticed Snorg
  6709 | D:11     | Killed Snorg
  6709 | D:11     | Reached skill level 8 in Maces & Flails
  6720 | D:11     | Reached ***** piety under Trog
  6970 | D:11     | Noticed Erolcha
  6992 | D:11     | Killed Erolcha
  6992 | D:11     | Reached XP level 11. HP: 70/105 MP: 10/10
  7123 | D:11     | Found a staircase to the Lair.
  7406 | Lair:1   | Entered Level 1 of the Lair of Beasts
  7522 | Lair:1   | Reached skill level 9 in Maces & Flails
  7593 | Lair:1   | Found a gate leading to a gauntlet.
  7623 | Gauntlet | Entered a Gauntlet
  7623 | Gauntlet | Found a transporter.
  7623 | Gauntlet | Found a runed translucent door.
  7623 | Gauntlet | Found a runed translucent door.
  7623 | Gauntlet | Noticed a fire crab
  7627 | Gauntlet | Found a transporter.
  7629 | Gauntlet | Found a transporter.
  7640 | Gauntlet | Found a runed translucent gate.
  7640 | Gauntlet | Found a runed translucent gate.
  7643 | Gauntlet | Found a runed translucent gate.
  7643 | Gauntlet | Found a transporter.
  7646 | Gauntlet | Found a transporter.
  7648 | Gauntlet | Noticed a catoblepas
  7680 | Gauntlet | Received a gift from Trog
  7689 | Gauntlet | Killed a fire crab
  7758 | Gauntlet | Found a transporter.
  7781 | Gauntlet | Found a transporter.
  7982 | Gauntlet | Found a transporter.
  7992 | Gauntlet | Found a transporter.
  7992 | Gauntlet | Found a transporter.
  8114 | Gauntlet | Noticed a minotaur
  8131 | Gauntlet | Killed a minotaur
  8275 | Lair:1   | Reached skill level 10 in Maces & Flails
  8355 | Lair:1   | Noticed an oklob plant
  8355 | Lair:1   | Noticed an oklob plant
  8372 | Lair:1   | Killed an oklob plant
  8374 | Lair:1   | Killed an oklob plant
  8387 | Lair:1   | Got a faintly glowing hand crossbow
  8389 | Lair:1   | Identified the cursed +1 hand crossbow "Aluoc" {penet,
                  | rPois Str+4 Dex+3} (You found it on level 1 of the Lair of
                  | Beasts)
  9111 | Lair:2   | Reached XP level 12. HP: 106/115 MP: 11/11
  9151 | Lair:2   | Slain by a spiny frog

Levels and vault maps discovered:
D:1:      dpeg_arrival_pond, layout_rooms
D:2:      layout_loops_ring, chequers_ecumenical_altar_twisty, serial_forest,
          infiniplex_forest_lined_room_3, infiniplex_forest_clump_long,
          infiniplex_forest_lined_corner, infiniplex_forest_clump_C,
          infiniplex_forest_lined_2, infiniplex_forest_side_room,
          mrwooster_statue_mirror
D:3:      layout_basic, gammafunk_ghost_nasty_kobolds, uniq_ijyb
D:4:      layout_layer_cave, grunt_temple_overflow_diamond,
          minmay_temple_entry_stoned_glass, gammafunk_ghost_grave, first_ration,
          st_stairs_7, uniq_crazy_yiuf_cottage
D:7:      layout_basic, grunt_ogre_cave
D:8:      layout_basic, serial_shops, shop, nicolae_shop_trees, shop,
          nicolae_shop_stone, nicolae_wwwww, centaur_isle
D:9:      layout_irregular_city, kennysheep_little_box
D:10:     layout_irregular_city
D:11:     layout_gridville, lair_entry_dummy, orc_0_dummy, uniq_erolcha,
          uniq_snorg
Lair:1:   layout_gridlike, gauntlet_entry_generic,
          chequers_serial_rivers_micro_c, minmay_lair_oklob_chamber
Lair:2:   layout_chaotic_city, basic_altar, beast_lair_carwin_6

Skill      XL: |  1  2  3  4  5  6  7  8  9 10 11 12 |
---------------+-------------------------------------+-----
Dodging        | 3 4 5 6 7 8 |  8.0
Fighting       | 3 4 5 6 |  6.9
Unarmed Combat | 4 5 6 7 |  7.7
Throwing       | 1 2 |  2.7
Stealth        | 1 3 4 |  4.7
Maces & Flails | 1 4 6 8 10 | 10.7
Polearms       | |  0.3
Evocations     | |  0.1

Action                   |  1- 3 |  4- 6 |  7- 9 | 10-12 || total
-------------------------+-------+-------+-------+-------++-------
Melee: Unarmed           |   160 |   103 |       |       ||   263
       Spear             |     5 |       |       |       ||     5
       Punch             |     3 |     2 |     6 |    17 ||    28
       Mace              |       |    10 |   148 |   301 ||   459
       Kick              |       |       |    45 |   116 ||   161
Throw: Stone             |    21 |     4 |       |       ||    25
       Boomerang         |       |       |     5 |     5 ||    10
Invok: Berserk           |     2 |     3 |     6 |     9 ||    20
       Brothers in Arms  |       |       |     1 |     2 ||     3
       Trog's Hand       |       |       |     1 |     1 ||     2
Evoke: Wand              |       |     1 |       |       ||     1
  Use: Scroll            |     5 |     2 |     3 |     9 ||    19
       Potion            |     2 |       |    11 |     6 ||    19
 Stab: Sleeping          |       |     1 |     9 |     4 ||    14
       Distracted        |       |       |       |     1 ||     1
  Eat: Chunk             |    18 |    16 |    21 |    51 ||   106
       Ration            |       |       |     2 |       ||     2
Armor: Animal skin       |    57 |    43 |    87 |   173 ||   360
Dodge: Dodged            |    81 |    54 |   115 |   230 ||   480
